 Dungeon Crawl Stone Soup version 0.22-a0-515-g75794bf (webtiles) character file.

96 inc the Chiller (level 4, 0/40 HPs)
             Began as an Octopode Ice Elementalist on June 19, 2018.
             Succumbed to a kobold's poison
             ... on level 3 of the Dungeon.
             The game lasted 00:02:40 (2318 turns).

inc the Chiller (Octopode Ice Elementalist)         Turns: 2318, Time: 00:02:41

Health: 0/40       AC: 22    Str:  4 (7)  XL:     4   Next: 67%
Magic:  6/6        EV:  2    Int: 17 (18) God:
Gold:   129        SH:  0    Dex: 11 (12) Spells: 3/7 levels left

rFire    . . .     SeeInvis .   o - +2 short sword (drain)
rCold    . . .     Gourm    .   (no shield)
rNeg     + + +     Faith    .   (helmet currently unavailable)
rPois    +         Spirit   .   (no amulet)
rElec    .         Reflect  .   (no ring)
rCorr    .         Harm     .   (no ring)
MR       .....     NoTele   +   (no ring)
Stlth    ++........             (no ring)
HPRegen  0.13/turn              (no ring)
MPRegen  0.10/turn              (no ring)
                                (no ring)
                                (no ring)

@: lethally poisoned (0 -> -7), tree-form, hasted, very quick
A: almost no armour, stealthy swim, (amphibious), 8 rings, (constrict 8), low mp
1
a: no special abilities


You were on level 3 of the Dungeon.
You were hungry.
You were a tree.
You visited 1 branch of the dungeon, and saw 3 of its levels.

You collected 129 gold pieces.

Inventory:

Hand Weapons
 d - a +0 short sword
 g - a +0 short sword of draining
 o - a +2 short sword of draining (weapon)
Missiles
 l - 6 curare-tipped needles
Armour
 f - a +1 hat (melded)
Scrolls
 a - 2 scrolls of teleportation {unknown}
 c - 2 scrolls of remove curse {unknown}
 e - 2 scrolls of fear {unknown}
 j - a scroll of blinking {unknown}
 n - a scroll of enchant weapon {unknown}
Comestibles
 b - 6 rations
 p - 2 chunks of flesh


   Skills:
 - Level 2.0 Dodging
 - Level 2.6 Stealth
 - Level 2.0 Spellcasting
   Level 1.0 Conjurations
 + Level 5.3 Ice Magic


You had 3 spell levels left.
You knew the following spells:

 Your Spells              Type           Power        Failure   Level  Hunger
a - Freeze                Ice            ###.         2%          1    #......
b - Ozocubu's Armour      Chrm/Ice       ##......     21%         3    ###....

Your spell library contained the following spells:

 Spells                   Type           Power        Failure   Level  Hunger
 Throw Frost              Conj/Ice       ##....       9%          2    ###....
 Summon Ice Beast         Ice/Summ       ##......     54%         4    #####..
 Throw Icicle             Conj/Ice       ##......     47%         4    #####..


Dungeon Overview and Level Annotations

Branches:
Dungeon (3/15)

Altars:


Innate Abilities, Weirdness & Mutations

You cannot wear most types of armour.
You are very stealthy in the water. (Stealth+)
((You are amphibious.))
You can wear up to eight rings at the same time.
((You can use your tentacles to constrict eight enemies at once.))
((Your skin changes colour to match your surroundings (Stealth+).))
((Your rubbery body absorbs attacks. (AC +1, EV +1)))
((Your flesh is cold resistant. (rC+)))
Your magical capacity is low. (-10% MP)


Message History

You feel sick.
It was a potion of mutation.
You feel extremely strange.
You feel less energetic.
You feel resistant to cold.
* * * LOW HITPOINT WARNING * * *
You feel sick.
* * * LOW HITPOINT WARNING * * *
You feel sick.
* * * LOW HITPOINT WARNING * * *
You feel sick.
* * * LOW HITPOINT WARNING * * *
You feel sick.
* * * LOW HITPOINT WARNING * * *
You feel sick.
* * * LOW HITPOINT WARNING * * *
You feel sick.
* * * LOW HITPOINT WARNING * * *
You feel sick.
* * * LOW HITPOINT WARNING * * *
You feel sick.
You die...

########### ..##
..........# ...#
†.........#### ....+
.............# ....
.............# ...
.............###+#.#####
.............(..........
................♣.......
#########.........######
#.....%...# #.........#
#.........# #.........#
###....?..# #.?.....#


There were no monsters in sight!

Vanquished Creatures
  3 adders
  2 worms
  2 leopard geckos
  An orc (D:3)
  4 giant cockroaches
  5 goblins
  3 hobgoblins
  3 jackals (D:3)
  5 kobolds
  A quokka (D:2)
  8 bats
  3 frilled lizards
  24 rats
64 creatures vanquished.

Notes
Turn   | Place    | Note
-------+----------+-------------------------------------------
     0 | D:1      | inc the Octopode Ice Elementalist began the quest for the Orb.
     0 | D:1      | Reached XP level 1. HP: 11/11 MP: 3/3
   184 | D:1      | Reached XP level 2. HP: 3/17 MP: 0/5
   833 | D:2      | Reached skill level 4 in Ice Magic
   907 | D:2      | Reached XP level 3. HP: 14/21 MP: 6/6
   912 | D:2      | Learned a level 3 spell: Ozocubu's Armour
  1822 | D:2      | Reached XP level 4. HP: 23/27 MP: 7/7
  2147 | D:3      | Reached skill level 5 in Ice Magic
  2306 | D:3      | Gained mutation: Your magical capacity is low. (-10% MP) [potion of mutation]
  2306 | D:3      | Gained mutation: Your flesh is cold resistant. (rC+) [potion of mutation]
  2315 | D:3      | HP: 2/40 [poisoned by a kobold]
  2318 | D:3      | Succumbed to a kobold's poison

Vault maps used:
D:1:      dpeg_arrival_snail
D:2:      first_ration, minmay_rat_hole
D:3:      grunt_ministairs_8

Skill      XL: |  1  2  3  4 |
---------------+-------------+-----
Ice Magic      | 4 5 |  5.3
Dodging        | |  2.0
Stealth        | |  2.6
Spellcasting   | |  2.0
Conjurations   | |  1.0

Action                   |  1- 3 |  4- 6 || total
-------------------------+-------+-------++-------
Melee: Unarmed           |     6 |       ||     6
       Short sword       |    63 |    46 ||   109
       Constrict         |    18 |    12 ||    30
       Tentacles         |     6 |     4 ||    10
 Cast: Freeze            |    11 |       ||    11
  Use: Potion            |       |     4 ||     4
 Stab: Sleeping          |     8 |     1 ||     9
  Eat: Chunk             |     3 |     1 ||     4
Armor: Skin              |     4 |     3 ||     7
Dodge: Dodged            |    49 |    21 ||    70

Table legend:
 A = Spawn XP
 B = Non-spawn XP
 C = Spawn XP percentage of total XP
 D = Spawn monster count
 E = Non-spawn monster count
 F = Spawn count percentage of total count
 G = Total turns spent on level
                    A         B        C        D         E        F      G
               +---------+---------+-------+---------+---------+-------+---------
         Total |       0 |     138 |   0.0 |       0 |      64 |   0.0 |  2318
               +---------+---------+-------+---------+---------+-------+---------
           D:1 |       0 |      27 |   0.0 |       0 |      17 |   0.0 |   831
           D:2 |       0 |      70 |   0.0 |       0 |      33 |   0.0 |  1303
           D:3 |       0 |      41 |   0.0 |       0 |      14 |   0.0 |   184
               +---------+---------+-------+---------+---------+-------+---------
